 Dungeon Crawl Stone Soup version 0.28-a0-628-g3c9886e45e (webtiles) character file.

Game seed: 17928028769369108688

770 bande the Chopper (level 7, 0/44 HPs)
             Began as a Gargoyle Fighter on Oct 8, 2021.
             Slain by an ogre (15 damage)
             ... on level 5 of the Dungeon.
             The game lasted 00:07:08 (5170 turns).

bande the Chopper (Gargoyle Fighter)                Turns: 5170, Time: 00:07:09

Health: 0/44       AC: 17    Str: 20    XL:     7   Next: 82%
Magic:  7/7        EV:  9    Int:  9    God:
Gold:   130        SH:  5    Dex: 10    Spells: 6/6 levels left

rFire   + . .      SeeInvis .   a - +0 war axe
rCold   . . .      Faith    .   c - +1 buckler
rNeg    + . .      Spirit   .   b - +0 scale mail
rPois   ∞          Reflect  .   m - +0 helmet
rElec   +          Harm     .   q - +2 cloak
rCorr   .          Rampage  .   (no gloves)
Will    .....                   o - +0 pair of boots
Stlth   ..........              (no amulet)
HPRegen 0.14/turn               f - ring of protection from fire
MPRegen 0.10/turn               (no ring)

@: no status effects
A: sickness immunity, AC +4, negative energy resistance 1, electricity
resistance, torment resistance 1, petrification resistance
a: no special abilities


You were on level 5 of the Dungeon.
You visited 1 branch of the dungeon, and saw 5 of its levels.

You collected 130 gold pieces.

Inventory:

Hand Weapons
 a - a +0 war axe (weapon)
 i - a +0 broad axe
Armour
 b - a +0 scale mail (worn)
 c - a +1 buckler (worn)
 d - a scarf of invisibility
 m - a +0 helmet (worn)
 o - a +0 pair of boots (worn)
 q - a +2 cloak (worn)
Jewellery
 f - a ring of protection from fire (left hand)
 p - a ring of magical power
Scrolls
 e - a scroll of fear
 h - 2 scrolls of identify
 k - 2 scrolls of amnesia
Potions
 g - a potion of haste
 j - 2 potions of heal wounds
 l - a potion of might


   Skills:
 + Level 4.8 Fighting
 + Level 5.4 Axes
 + Level 5.1 Armour
 + Level 4.5 Shields
 * Level 2.1 Evocations


You had 6 spell levels left.
You didn't know any spells.
Your spell library contained the following spells:

 Spells                   Type           Power      Damage    Failure   Level
 Corpse Rot               Necr/Air       N/A        N/A       86%         2
 Poisonous Vapours        Pois/Air       0%         N/A       86%         2
 Slow                     Hex            0%         N/A       86%         2
 Confusing Touch          Hex            0%         N/A       97%         3
 Frozen Ramparts          Ice            0%         1d2       97%         3
 Vampiric Draining        Necr           0%         2d6       97%         3
 Ice Form                 Ice/Tmut       0%         N/A       100%        4
 Summon Ice Beast         Ice/Summ       0%         N/A       100%        4


Dungeon Overview and Level Annotations

Branches:
Dungeon (5/15)
 Temple: D:4-7

Altars:
Cheibriados
Elyvilon
Fedhas
Gozag
Kikubaaqudgha
Sif Muna

Annotations:
D:3 2 transporters, AlleluiaPinecone's ghost, weakling VSBr


Innate Abilities, Weirdness & Mutations

You are immune to sickness and miasma.
Your stone body is resilient. (AC +4)
You are immune to poison.
You resist negative energy. (rN+)
You are resistant to electric shocks. (rElec)
You are resistant to unholy torment.
You are immune to petrification.


Message History

The scorpion zombie hits you. You block the scorpion zombie's attack.
You hit the scorpion zombie.
The scorpion zombie is heavily damaged.
The scorpion zombie hits you but does no damage.
You slash the scorpion zombie!
The scorpion zombie is almost destroyed.
The scorpion zombie hits you but does no damage.
You hit the scorpion zombie.
You destroy the scorpion zombie!
No target in view!
No target in view!
No target in view!
No target in view!
No target in view!
No target in view!
HP restored.
An ogre comes into view. It is wielding a +0 giant club.
The ogre shouts!
The ogre moves out of view.
You hit the ogre.
The ogre is lightly wounded.
The ogre hits you with a +0 giant club!
You hit the ogre but do no damage.
The ogre is lightly wounded.
The ogre barely misses you.
You hit the ogre but do no damage.
The ogre is lightly wounded.
The ogre hits you with a +0 giant club!!
Ouch! That really hurt!
You are too injured to fight recklessly!
You are too injured to fight recklessly!
You are too injured to fight recklessly!
You are too injured to fight recklessly!
You are too injured to fight recklessly!
You are too injured to fight recklessly!
You are too injured to fight recklessly!
You hit the ogre but do no damage.
The ogre is lightly wounded.
The ogre hits you with a +0 giant club!
You die...

.....####.###
............#
#.######..##
#. ##.## #..
#..# ##..
#..# .....
#..#
#....#..#
#...O@.#
##..##..#
..... ...#
.#### ####


You could see an ogre.

Vanquished Creatures
  A black bear (D:4)
  2 ogres
  A necrophage (D:4)
  A phantom (D:4)
  2 hounds
  Crazy Yiuf (D:3)
  Jessica (D:3)
  An iguana (D:4)
  An orc wizard (D:4)
  A scorpion zombie (D:5)
  A gnoll (D:1)
  4 adders (D:4)
  A howler monkey skeleton (D:5)
  2 worms (D:2)
  4 dart slugs
  3 orcs
  11 ball pythons
  4 bats
  10 endoplasms
  2 giant cockroaches (D:1)
  8 goblins
  9 hobgoblins
  4 jackals (D:3)
  A quokka (D:3)
  4 frilled lizards
  8 kobolds
  6 rats
94 creatures vanquished.

Notes
Turn   | Place    | Note
-------+----------+-------------------------------------------
     0 | D:1      | bande the Gargoyle Fighter began the quest for the Orb.
     0 | D:1      | Reached XP level 1. HP: 14/14 MP: 1/1
   109 | D:1      | Reached XP level 2. HP: 19/19 MP: 2/2
   567 | D:1      | Reached XP level 3. HP: 19/23 MP: 3/3
  1606 | D:2      | Reached XP level 4. HP: 25/29 MP: 4/4
  2594 | D:3      | Noticed an ogre
  2602 | D:3      | Killed an ogre
  2603 | D:3      | Reached XP level 5. HP: 12/33 MP: 5/5
  2802 | D:3      | Found a transporter.
  2804 | D:3      | Found a transporter.
  2809 | D:3      | Noticed AlleluiaPinecone's ghost (weakling VSBr)
  2809 | D:3      | Identified the +5 dire flail of Dominance {flame, Will+
                  | rCorr Stlth+}
  2809 | D:3      | Noticed an ogre
  2813 | D:3      | Noticed an ogre
  3162 | D:3      | Found a runed translucent door.
  3163 | D:3      | Noticed Crazy Yiuf
  3281 | D:3      | Found a blossoming altar of Fedhas.
  3281 | D:3      | Found a white marble altar of Elyvilon.
  3287 | D:3      | Found a snail-covered altar of Cheibriados.
  3295 | D:3      | Found an ancient bone altar of Kikubaaqudgha.
  3629 | D:3      | Noticed Jessica
  3668 | D:3      | Found a shimmering blue altar of Sif Muna.
  3675 | D:3      | Killed Jessica
  3676 | D:3      | Reached XP level 6. HP: 34/38 MP: 6/6
  3815 | D:3      | Killed Crazy Yiuf
  4200 | D:4      | Reached skill level 1 in Evocations
  4323 | D:4      | Reached XP level 7. HP: 41/44 MP: 7/7
  4426 | D:4      | Found an opulent altar of Gozag.
  4458 | D:4      | Reached skill level 5 in Axes
  4854 | D:4      | Reached skill level 5 in Armour
  5064 | D:5      | Entered Level 5 of the Dungeon
  5170 | D:5      | Slain by an ogre

Illustrated notes

Levels and vault maps discovered:
D:1:      dpeg_arrival_shelter, layout_loops_ring,
          shapermc_ecumenical_altar_petra, minmay_close_crescents
D:2:      layout_basic
D:3:      layout_loops_corners, grunt_temple_overflow_cloverleaf, tgw_sif,
          gammafunk_ghost_smash, serial_forest, infiniplex_forest_zigzag_2,
          infiniplex_forest_straight_2, infiniplex_forest_straight_2,
          infiniplex_forest_straight_1, infiniplex_forest_lined_3_way,
          infiniplex_forest_end_2, infiniplex_forest_lined_3_way,
          infiniplex_forest_lined_corner, uniq_crazy_yiuf_cottage
D:4:      black_bear_nest_1, layout_rooms, grunt_gozag_breadcrumbs,
          chequers_garden
D:5:      layout_rooms

Skill      XL: |  1  2  3  4  5  6  7 |
---------------+----------------------+-----
Axes           | 2 3 4 5 |  5.4
Armour         | 4 5 |  5.1
Fighting       | 4 |  4.8
Shields        | 4 |  4.5
Evocations     | 1 2 |  2.1

Action                   |  1- 3 |  4- 6 |  7- 9 || total
-------------------------+-------+-------+-------++-------
Melee: War axe           |    95 |   169 |    74 ||   338
  Use: Scroll            |     1 |     6 |       ||     7
       Potion            |       |     4 |       ||     4
Armor: Scale mail        |    39 |    79 |    50 ||   168
Dodge: Dodged            |    59 |    82 |    42 ||   183
Block: Buckler           |    20 |    51 |    28 ||    99

Table legend: (Time is in decaauts)
 A = Elapsed time spent in this place.
 B = Non-inter-level travel time spent in this place.
 C = Inter-level travel time spent in this place.
 D = Time resting spent in this place.
 E = Time spent auto-exploring this place.
 F = Levels seen in this place.
 G = Mean time per level.
                   A        B        C        D        E       F      G
               +--------+--------+--------+--------+--------+-----+--------+
         Total |   5280 |   5182 |     98 |    837 |   3407 |   5 | 1056.0 |
       Dungeon |   5280 |   5182 |     98 |    837 |   3407 |   5 | 1056.0 |
               +--------+--------+--------+--------+--------+-----+--------+

Top non-repeatable levels by time:
     D:1: 1622 daAuts
     D:3: 1465 daAuts
     D:4: 1134 daAuts
     D:2: 948 daAuts
     D:5: 109 daAuts
